 Dungeon Crawl Stone Soup version 0.31-a0-102-g33a4ccc0cb (webtiles) character file.

Game seed: 9664874893154271883

7293 Esekla the Covert (level 11, -4/78 HPs)
             Began as an Octopode Delver on May 26, 2023.
             Was an Initiate of Gozag.
             Killed themself with a badly aimed iceblast (10 damage)
             ... on level 10 of the Dungeon.
             The game lasted 01:02:15 (12295 turns).

Esekla the Covert (Octopode Delver)                Turns: 12295, Time: 01:02:16

Health: -4/78      AC:  1    Str: 12    XL:     11   Next: 13%
Magic:  0/19       EV: 16    Int: 17    God:    Gozag
Gold:   265        SH:  0    Dex: 13    Spells: 20/21 levels left

rFire   + . .        a - +3 scimitar (flame)
rCold   . . .        (no shield)
rNeg    . . .        (helmet restricted)
rPois   .            l - amulet of guardian spirit
rElec   .            g - ring of protection from fire
rCorr   .            (no ring)
SInv    .            (no ring)
Will    .....        (no ring)
Stlth   ++++++       (no ring)
HPRegen 0.33/turn    (no ring)
MPRegen 0.16/turn    (no ring)
                     (no ring)

%: guardian spirit
@: no status effects
A: almost no armour, amphibious, 8 rings, camouflage 1, gelatinous body 1,
(nimble swimmer 1), tentacles
a: Renounce Religion, Potion Petition, Call Merchant, Bribe Branch


You were on level 10 of the Dungeon.
You worshipped Gozag.
Gozag was aware of your devotion.
You visited 2 branches of the dungeon, and saw 11 of its levels.

You collected 2437 gold pieces.
You spent 462 gold pieces at shops.
You paid 1710 gold pieces to Gozag.

Inventory:

Hand Weapons
 a - a +3 scimitar of flaming (weapon)
 e - a +2 dagger of electrocution
 i - a +3 falchion
 r - a +2 trident of venom
 s - a +5 dagger
 v - a +2 dagger of venom
 D - the +4 hand axe of Ignis's Reproof {flame, rC++ Str-3 Dex+3}
   (You found it on level 6 of the Dungeon)

   Str:       It affects your strength (-3).
   Dex:       It affects your dexterity (+3).
   rC:        It greatly protects you from cold.
Missiles
 E - 4 boomerangs (quivered)
Jewellery
 g - a ring of protection from fire (left tentacle)
 l - an amulet of guardian spirit (around mantle)
 w - a ring of flight
Wands
 f - a wand of digging (7)
 z - a wand of paralysis (15)
 B - a wand of quicksilver (14)
 F - a wand of mindburst (25)
 I - a wand of iceblast (9)
Scrolls
 b - 2 scrolls of fog
 h - a scroll of blinking
 m - 2 scrolls of amnesia
 q - 3 scrolls of magic mapping
 x - a scroll of poison {unknown}
 A - a scroll of silence {unknown}
 C - a scroll of enchant armour {unknown}
 G - a scroll of summoning {unknown}
 H - a scroll of enchant weapon
Potions
 c - 4 potions of attraction
 d - a potion of curing
 j - 4 potions of brilliance
 o - a potion of lignification
 p - a potion of enlightenment
 t - a potion of might
 u - a potion of magic
 J - a potion of mutation
 L - a potion of haste


   Skills:
 * Level 8.8 Fighting
 + Level 5.9(7.3) Short Blades
 * Level 6.6(7.7) Long Blades
 + Level 0.8 Throwing
 * Level 8.0 Dodging
 + Level 10.8 Stealth
 * Level 5.5 Spellcasting
 + Level 0.1 Translocations
 + Level 1.6 Evocations


You had 20 spell levels left.
You knew the following spells:

 Your Spells              Type           Power      Damage    Failure   Level
p - Apportation           Tloc           10%        N/A       13%         1

Your spell library contained the following spells:

 Spells                   Type           Power      Damage    Failure   Level
 Necrotise                Necr           16%        1d4       14%         1
 Summon Small Mammal      Summ           16%        N/A       14%         1
 Ensorcelled Hibernation  Hex/Ice        4%         N/A       26%         2
 Call Canine Familiar     Summ           4%         N/A       38%         3
 Hailstorm                Conj/Ice       2%         3d3       47%         3
 Spider Form              Tmut/Pois      2%         N/A       47%         3
 Summon Guardian Golem    Hex/Summ       2%         N/A       47%         3
 Anguish                  Hex/Necr       1%         N/A       87%         4
 Ice Form                 Ice/Tmut       2%         N/A       87%         4
 Borgnjor's Vile Clutch   Necr/Erth      1%         N/A       99%         5
 Death Channel            Necr           2%         N/A       100%        6
 Animate Dead             Necr           Unusable   N/A       N/A         4
 Simulacrum               Ice/Necr       Unusable   N/A       N/A         6

Dungeon Overview and Level Annotations

Branches:
Dungeon (10/15)            Temple (1/1) D:5
   Lair: D:8-11         Orc: D:9-12

Altars:
Ashenzari
Cheibriados
Dithmenos
Elyvilon
Fedhas
Gozag
Hepliaklqana
Kikubaaqudgha
Nemelex Xobeh
Okawaru
Qazlal
Ru
Sif Muna
Uskayaw
Vehumet
Wu Jian
Xom
Yredelemnul
Zin
The Shining One

Shops:
D:3 *   D:5 (   D:9 ?

Annotations:
D:3 1 runed translucent door, scorpion, Crazy Yiuf
D:9 1 runed translucent door, IdlyInterested's ghost, novice DsWn


Innate Abilities, Weirdness & Mutations

You cannot wear most types of armour.
You are amphibious.
You can wear up to eight rings at the same time.
Your skin changes colour to match your surroundings (Stealth+).
Your rubbery body absorbs attacks. (AC +1, EV +1)
((You are camouflaged when in or above water. (Stealth+)))
You have tentacles for arms and can constrict up to eight enemies at once.


Message History

Your +3 scimitar of flaming bursts into flame!
a - a +3 scimitar of flaming (weapon)
Something hits you. Something hits you!
You closely miss something. Something hits you. Something hits you. x2
You miss something. Your squeeze misses something. Something hits you.
* * * LOW HITPOINT WARNING * * *
You closely miss something. Something hits you.
* * * LOW HITPOINT WARNING * * *
Okay, then.
Something hits you.
* * * LOW HITPOINT WARNING * * *
Something hits you.
* * * LOW HITPOINT WARNING * * *
Something hits you.
* * * LOW HITPOINT WARNING * * *
You feel better.
Okay, then.
Okay, then.
Magic courses through your body. Something hits you.
* * * LOW HITPOINT WARNING * * *
Something hits you.
* * * LOW HITPOINT WARNING * * *
Something closely misses you. Something hits you!
* * * LOW HITPOINT WARNING * * *
Something hits you!
* * * LOW HITPOINT WARNING * * *
You hear the faint creaking of a portcullis nearby.
You closely miss something.
Your tentacle-slap misses something.
You squeeze something. Something hits you!
* * * LOW HITPOINT WARNING * * *
Something hits you but does no damage.
Okay, then.
Aiming: Iceblast
Press: ? - help, Shift-Dir - straight line The mass of ice explodes!
The iceblast engulfs something!!
The iceblast engulfs you!
You die...
Your body crumbles into a pile of gold.

#...........".
#.............
#.....#######.
#.<...# #####.#
#.# #.# #.#
######@# #......#
#......###
###......#
#......# .
#......#######....
#.....<..........9
#.................
#.................


There were no monsters in sight!

Vanquished Creatures
  Harold (D:9)
  Erica (D:9)
  Pikel (D:8)
  Joseph (D:9)
  A hornet (D:8)
  A wyvern (D:9)
  A wraith (D:9)
  7 yaks
  A water moccasin (D:6)
  2 orc warriors
  A sky beast (D:5)
  5 ogres
  4 centaurs
  2 lemures (D:8)
  A phantom (D:4)
  5 bullfrogs
  2 gnoll sergeants
  7 scorpions
  8 wights (D:8)
  9 killer bees
  A hound (D:4)
  2 gnoll boudas
  7 orc priests
  2 sleepcaps (D:5)
  Ijyb (D:5)
  3 iguanas
  3 orc wizards
  Robin (D:3)
  19 gnolls
  12 adders
  A shadow imp (D:7)
  3 white imps
  An ufetubus (D:3)
  2 worms
  2 dart slugs
  30 orcs
  4 ball pythons
  6 bats
  9 endoplasms
  3 giant cockroaches
  23 goblins
  15 hobgoblins
  5 jackals
  5 quokkas
  3 frilled lizards
  7 kobolds
  7 rats
238 creatures vanquished.

Notes
Turn   | Place    | Note
-------+----------+-------------------------------------------
     0 | D:5      | Esekla the Octopode Delver began the quest for the Orb.
     0 | D:5      | Reached XP level 1. HP: 16/16 MP: 1/1
    59 | D:5      | Noticed a scorpion
    65 | D:5      | Noticed a scorpion
    89 | D:5      | Found a staircase to the Ecumenical Temple.
    95 | Temple   | Entered the Ecumenical Temple
   219 | D:5      | Reached XP level 2. HP: 21/21 MP: 2/2
   270 | Temple   | Became a worshipper of Gozag Ym Sagoz the Greedy
   465 | D:5      | Reached skill level 7 in Stealth
   560 | D:5      | Reached XP level 3. HP: 21/26 MP: 3/3
   891 | D:4      | Noticed a scorpion
   913 | D:4      | Killed a scorpion
   914 | D:4      | Reached skill level 1 in Spellcasting
   914 | D:4      | Reached XP level 4. HP: 19/31 MP: 3/6
  1097 | D:3      | Reached XP level 5. HP: 36/36 MP: 7/7
  1138 | D:3      | Found a runed translucent door.
  1139 | D:3      | Noticed Crazy Yiuf
  1276 | D:3      | Found a snail-covered altar of Cheibriados.
  1277 | D:3      | Found a hide-covered altar of Uskayaw.
  1278 | D:3      | Found a shimmering altar of Xom.
  1278 | D:3      | Found a shadowy altar of Dithmenos.
  1316 | D:3      | Learned a level 1 spell: Apportation
  1679 | D:1      | Found a faded altar of an unknown god.
  2525 | D:2      | Found a shimmering altar of Xom.
  2818 | D:3      | Reached XP level 6. HP: 42/42 MP: 8/8
  2822 | D:3      | Reached skill level 8 in Stealth
  2899 | D:3      | Noticed Robin
  2905 | D:3      | Killed Robin
  2956 | D:3      | Identified the +7 short sword "Moomade" {heavy, Contam
                  | Dex+3 Stlth+}
  2986 | D:3      | Found Hejiotop's Assorted Antiques.
  3476 | D:3      | Bought an inky potion for 23 gold pieces
  3476 | D:3      | Bought a scroll labelled WIUKOI RUNOMANT for 26 gold pieces
  3476 | D:3      | Bought an encrusted sapphire ring for 130 gold pieces
  3476 | D:3      | Bought a scroll labelled CUFIABLEOXE for 26 gold pieces
  3476 | D:3      | Bought a yellow potion for 23 gold pieces
  3559 | D:4      | Reached skill level 1 in Short Blades
  3622 | D:4      | Found a glowing silver altar of Zin.
  4033 | D:4      | Reached XP level 7. HP: 19/47 MP: 5/10
  4936 | D:5      | Noticed Ijyb
  4942 | D:5      | Paralysed by Ijyb for 5 turns
  4949 | D:5      | Killed Ijyb
  4982 | D:5      | Found an iron altar of Okawaru.
  5224 | D:5      | Found a shimmering blue altar of Sif Muna.
  5249 | D:5      | Reached XP level 8. HP: 50/54 MP: 12/12
  5381 | D:5      | Reached skill level 9 in Stealth
  5709 | D:5      | Reached skill level 5 in Fighting
  6635 | D:6      | Found a basalt altar of Yredelemnul.
  6645 | D:6      | Identified the +4 hand axe of Ignis's Reproof {flame, rC++
                  | Str-3 Dex+3}
  6690 | D:6      | Reached XP level 9. HP: 62/62 MP: 14/14
  7282 | D:7      | Reached skill level 10 in Stealth
  7518 | D:5      | Bought a runed falchion for 198 gold pieces
  7662 | D:7      | Reached skill level 5 in Dodging
  8639 | D:8      | Noticed a hornet
  8648 | D:8      | Killed a hornet
  8649 | D:8      | Reached skill level 5 in Short Blades
  8649 | D:8      | Reached skill level 5 in Long Blades
  8849 | D:8      | Found a blossoming altar of Fedhas.
  8898 | D:8      | Found a hazy altar of Hepliaklqana.
  8953 | D:8      | Reached XP level 10. HP: 36/71 MP: 4/16
  9829 | D:8      | Noticed Pikel
  9854 | D:8      | Killed Pikel
 10436 | D:9      | Found a runed translucent door.
 10487 | D:9      | Noticed IdlyInterested's ghost (novice DsWn)
 10504 | D:9      | Reached skill level 1 in Evocations
 10682 | D:9      | Reached skill level 5 in Spellcasting
 10838 | D:9      | Noticed Harold
 10857 | D:9      | Killed Harold
 10858 | D:9      | Found a glowing golden altar of the Shining One.
 11045 | D:9      | Noticed Joseph
 11592 | D:9      | Noticed Erica
 11619 | D:9      | Killed Erica
 11620 | D:9      | Reached XP level 11. HP: 61/78 MP: 15/19
 11865 | D:9      | Killed Joseph
 12222 | D:9      | Bought a scroll of noise for 12 gold pieces
 12230 | D:9      | Bought a scroll of identify for 24 gold pieces
 12242 | D:10     | Entered Level 10 of the Dungeon
 12295 | D:10     | Killed themself with a badly aimed iceblast

Illustrated notes

Levels and vault maps discovered:
D:1:      dpeg_arrival_subterranean_lakeside_camping, layout_loops_ring,
          ebering_ecumenical_altar_box, minmay_shallow_snake_nest
D:2:      layout_basic, basic_altar
D:3:      layout_loops_ring, mainiacjoe_overflow_alcove_3, serial_shops,
          nicolae_shop_statue_plus, uniq_crazy_yiuf_cottage, uniq_robin
D:4:      minmay_polygon_palace, layout_cave_pods,
          mainiacjoe_overflow_concentric_impassable
D:5:      wad_lake_hut, layout_cave_pods, okawaru_gym_becter,
          mainiacjoe_overflow_surrounded_room, mainiacjoe_overflow_tiny_flanked,
          minmay_temple_entry_statues, minmay_misc_feat_four_crosses, uniq_ijyb
D:6:      layout_basic, lemuel_round_altar
D:7:      layout_rooms
D:8:      layout_gridville, mainiacjoe_overflow_six_doors_small,
          fedhas_ov_isle_minmay, nrook_campfire, kennysheep_crisscross,
          uniq_pikel
D:9:      layout_gridville, mainiacjoe_overflow_alcove_1,
          hellmonk_ghost_big_iron, uniq_harold, uniq_erica, uniq_joseph
D:10:     layout_irregular_city, kennysheep_mini, mainiacjoe_overflow_24_doors,
          enter_bailey_8
Temple:   hellmonk_temple_forest_ring

Skill      XL: |  1  2  3  4  5  6  7  8  9 10 11 |
---------------+----------------------------------+-----
Stealth        | 7 8 9 10 | 10.8
Spellcasting   | 1 2 3 4 5 |  5.5
Dodging        | 3 4 6 7 8 |  8.0
Short Blades   | 1 2 4 5 |  5.9
Long Blades    | 3 4 5 6 |  6.6
Fighting       | 4 5 7 8 |  8.8
Evocations     | 1 |  1.6
Throwing       | |  0.8
Translocations | |  0.1

Action                     |  1- 3 |  4- 6 |  7- 9 | 10-12 || total
---------------------------+-------+-------+-------+-------++-------
  Melee: Falchion          |    16 |     4 |    31 |    35 ||    86
         Tentacles         |     9 |    34 |    75 |    47 ||   165
         Constrict         |     7 |    39 |    55 |    19 ||   120
         Punch             |     1 |     3 |     3 |     4 ||    11
         Dagger            |    10 |   180 |   213 |   132 ||   535
         Hand axe          |       |       |     3 |       ||     3
         Scimitar          |       |       |       |     4 ||     4
  Throw: Boomerang         |       |       |     2 |     2 ||     4
   Cast: Apportation       |       |     3 |       |       ||     3
 Invoke: Call Merchant     |       |       |     1 |     1 ||     2
  Evoke: Wand              |     2 |       |     6 |     8 ||    16
    Use: Scroll            |     3 |       |    11 |     6 ||    20
         Potion            |       |     1 |     4 |    10 ||    15
   Stab: Distracted        |     1 |     3 |     2 |       ||     6
         Sleeping          |     1 |    31 |    20 |     1 ||    53
         Paralysed         |       |       |     3 |       ||     3
 Armour: Skin              |     2 |     9 |    14 |     7 ||    32
  Dodge: Dodged            |     9 |    75 |   126 |   104 ||   314

Table legend: (Time is in decaauts)
 A = Elapsed time spent in this place.
 B = Non-inter-level travel time spent in this place.
 C = Inter-level travel time spent in this place.
 D = Time resting spent in this place.
 E = Time spent auto-exploring this place.
 F = Levels seen in this place.
 G = Mean time per level.
                   A        B        C        D        E       F      G
               +--------+--------+--------+--------+--------+-----+--------+
         Total |  12164 |  11710 |    454 |   3322 |   3134 |  11 | 1105.8 |
       Dungeon |  11889 |  11468 |    421 |   3190 |   3052 |  10 | 1188.9 |
        Temple |    274 |    241 |     33 |    132 |     82 |   1 |  274.0 |
               +--------+--------+--------+--------+--------+-----+--------+

Top non-repeatable levels by time:
     D:5: 1864 daAuts
     D:4: 1769 daAuts
     D:9: 1723 daAuts
     D:6: 1723 daAuts
     D:8: 1704 daAuts
     D:3: 1016 daAuts
     D:1: 814 daAuts
     D:2: 631 daAuts
     D:7: 590 daAuts
  Temple: 274 daAuts
    D:10: 51 daAuts
